 Dungeon Crawl Stone Soup version 0.17.1-1-g73c8601 (webtiles) character file.

42 Genom09 the Changer (level 3, -7/27 HPs)
             Began as a Merfolk Transmuter on Dec 11, 2015.
             Killed by divine providence
             ... invoked by an orc priest
              (12 damage)
             ... on level 3 of the Dungeon.
             The game lasted 00:07:39 (1162 turns).

Genom09 the Changer (Merfolk Transmuter)            Turns: 1162, Time: 00:07:39

Health: -7/27      AC:  2    Str: 11    XL:     3   Next: 56%
Magic:  1/6        EV: 13    Int: 12    God:
Gold:   110        SH:  0    Dex: 14    Spells: 3 memorised, 0 levels left

rFire  . . .     SeeInvis .       - Unarmed
rCold  . . .     Clarity  .     b - +0 robe
rNeg   . . .     SustAt   .     (no shield)
rPois  .         Gourm    .     (no helmet)
rElec  .         Spirit   .     (no cloak)
rCorr  .         Warding  .     (no gloves)
rMut   .         Stasis   .     (no boots)
MR     +....                    (no amulet)
Stlth  +.........               (no ring)
                                m - ring of protection from magic

@: appendage (expiring), very slightly contaminated, somewhat resistant to
hostile enchantments, very unstealthy
A: change form in water, swift swim, horns 2
a: End Transformation


You were on level 3 of the Dungeon.
You were hungry.
You had grown temporary horns.
You visited 1 branch of the dungeon, and saw 4 of its levels.

You collected 110 gold pieces.

Inventory:

Missiles
 a - 9 arrows
 i - 21 arrows of frost
Armour
 b - a +0 robe (worn)
 g - a +0 leather armour
 k - a +2 ring mail of fire resistance
Jewellery
 m - a ring of protection from magic (left hand)
Wands
 l - a wand of lightning (7)
Scrolls
 f - 2 scrolls of identify {unknown}
Potions
 e - a potion of cancellation {unknown}
Books
 c - a book of Changes

   Spells                             Type                      Level
   a - Beastly Appendage              Transmutation                1
   b - Sticks to Snakes               Transmutation                2
   c - Spider Form                    Transmutation/Poison         3
   d - Ice Form                       Ice/Transmutation            4
   e - Blade Hands                    Transmutation                5
Comestibles
 d - a bread ration
 h - a meat ration
 j - 8 chunks of flesh


   Skills:
 + Level 2.2 Fighting
 + Level 3.2 Dodging
 - Level 3.2 Unarmed Combat
 - Level 2.0 Spellcasting
 * Level 3.9 Transmutations
 + Level 0.2 Poison Magic


You couldn't memorise any spells.
You knew the following spells:

 Your Spells              Type           Power        Failure   Level  Hunger
a - Beastly Appendage     Trmt           ##....       8%          1    ##.....
b - Sticks to Snakes      Trmt           ##........   12%         2    ###....
c - Spider Form           Trmt/Pois      #.........   34%         3    ####...


Dungeon Overview and Level Annotations

Branches:
Dungeon (4/15)
 Temple: D:4-7

Altars:
Nemelex Xobeh


Innate Abilities, Weirdness & Mutations

You revert to your normal form in water.
You are very nimble and swift while swimming.
You have a pair of horns on your head.


Message History

The hobgoblin moves out of view.
You hit the orc.
The orc is heavily wounded.
The orc misses you.
You closely miss the orc.
The orc is heavily wounded.
The orc priest calls upon Beogh to heal the orc.
The orc's wounds heal themselves!
The orc misses you. The orc barely misses you.
You hit the orc. Your headbutt misses the orc.
The orc is heavily wounded.
The orc hits you with a mace.
* * * LOW HITPOINT WARNING * * *
The orc hits you with a hand axe.
* * * LOW HITPOINT WARNING * * *
You hit the orc.
The orc is severely wounded.
The orc priest calls down the wrath of Beogh upon you.
Something smites you!
You die...

........#####(≈ ....
.....#.#..(...≈
....####.....#.#....()≈
.......# #........(..≈ .
#..... #...........≈
..##.....###g....%.....≈
........#..............≈
#....#............#.≈
##...@.............#.≈
#...ooo.........#....≈
#.........##....#....≈
#...............#.....
........................
.........##.......#...##
.........##.......#...##
..............#.###....#
..................##...#


You could see an orc priest, 2 orcs and a hobgoblin.

Vanquished Creatures
  A giant gecko (D:3)
  A ball python (D:2)
  A bat (D:2)
  2 giant cockroaches
  3 goblins (D:1)
  6 hobgoblins
  11 jackals (D:3)
  A quokka (D:3)
  6 kobolds
  2 rats (D:1)
34 creatures vanquished.

Notes
Turn   | Place    | Note
--------------------------------------------------------------
     0 | D:1      | Genom09 the Merfolk Transmuter began the quest for the Orb.
     0 | D:1      | Reached XP level 1. HP: 15/15 MP: 3/3
   161 | D:1      | Reached XP level 2. HP: 18/21 MP: 3/5
   624 | D:2      | Learned a level 2 spell: Sticks to Snakes
   728 | D:2      | You fall through a shaft for 2 floors!
   733 | D:3      | Found a sparkling altar of Nemelex Xobeh.
   873 | D:3      | Reached XP level 3. HP: 24/27 MP: 3/6
   897 | D:3      | Learned a level 3 spell: Spider Form
  1162 | D:3      | Killed from afar by an orc priest

Action                   || total
-------------------------++-------
Melee: Unarmed           ||   103
 Cast: Beastly Appendage ||    19
       Sticks to Snakes  ||     3
       Spider Form       ||     1
  Eat: Chunk             ||     1
